Map: Cyber Forest LE

Players

Reynor - Winner!

  • Race: Zerg Zerg
  • Spawn Location: 11:00

JonSnow

  • Race: Zerg Zerg
  • Spawn Location: 5:00

Event: 2019 WCS Spring

VOD

Have the link to the VOD?

Description

Time

  • Played on: May 17, 2019, 1:25 p.m.
  • Length: 7:35

All games in this series

Show
View Real Time Build Order
Export as new Build Order

Reynor Zerg - Winner!

Build Orders: Pool First 

Get SALT Encoding   

  12  0:17  Spawning Pool  
  11  0:22  Drone  
  11  0:27  Drone  
  13  0:31  Drone  
  14  0:40  Overlord  
  14  1:03  Zergling x4  
  16  1:05  Zergling x2  
  17  1:16  Zergling x2  
  18  1:19  Hatchery  
  17  1:26  Zergling x2  
  18  1:34  Queen  
  20  1:40  Drone  
  21  1:48  Overlord  
  21  1:59  Drone  
  22  2:09  Queen  
  22  2:10  Drone  
  25  2:20  Drone  
  24  2:31  Drone x2  
  24  2:33  Extractor  
  25  2:41  Zergling x2  
  25  2:43  Drone x3  
  29  2:45  Drone  
  30  2:51  Queen  
  30  2:52  Overlord  
  30  2:55  Drone  
  33  3:03  Drone  
  34  3:06  Drone  
  35  3:14  Zergling x2  
  35  3:15  Drone x2  
  35  3:18  Overlord  
  38  3:25  Zergling x4  
  40  3:27  Drone  
  40  3:28  Drone  
  40  3:37  Drone  
  40  3:38  Drone  
  40  3:40  Metabolic Boost  
  41  3:47  Drone x3  
  44  3:49  Overlord  
  44  3:52  Zergling x2  
  45  4:01  Drone  
  45  4:02  Baneling Nest  
  45  4:08  Hatchery, Zergling x2  
  45  4:09  Zergling x2  
  46  4:10  Zergling x2  
  46  4:12  Zergling x2  
  46  4:16  Overlord  
  48  4:18  Drone  
  48  4:19  Drone  
  48  4:21  Zergling x2  
  48  4:22  Zergling x2  
  52  4:27  Zergling x4  
  54  4:34  Zergling x6  
  54  4:37  Drone  
  58  4:41  Zergling x2  
  59  4:49  Overlord  
  59  4:51  Drone x4  
  63  4:58  Evolution Chamber, Baneling  
  62  5:00  Baneling x3  
  62  5:01  Zergling x2  
  62  5:04  Overlord  
  62  5:05  Zergling x6  
  66  5:13  Drone x2  
  68  5:20  Drone  
  68  5:24  Overlord  
  68  5:25  Drone x3  
  68  5:26  Drone  
  71  5:32  Overlord  
  71  5:33  Drone  
  71  5:34  Zerg Missile Weapons Level 1  
  71  5:37  Drone  
  71  5:39  Drone x3  
  74  5:44  Overlord  
  74  5:47  Extractor x2  
  74  5:49  Roach Warren  
  65  5:52  Spine Crawler  
  65  5:53  Zergling x6  
  65  5:56  Spine Crawler  
  62  5:58  Zergling x2  
  62  5:59  Zergling x2  
  62  6:04  Drone  
  65  6:05  Drone x5  
  65  6:10  Overlord  
  70  6:28  Roach x8  
  86  6:33  Roach x4  
  86  6:35  Overlord  
  86  6:36  Roach x2  
  100  6:40  Roach  
  100  6:43  Roach  
  100  6:45  Drone x2  
  104  6:47  Extractor  
  104  6:48  Extractor  
  104  6:50  Overlord  
  104  6:53  Drone x2  
  106  6:54  Drone x2  
  106  6:57  Drone  
  106  6:59  Drone  
  108  7:01  Drone  
  108  7:03  Drone x5  
  114  7:11  Drone x2  
  114  7:12  Drone  
  117  7:17  Hatchery  
  117  7:20  Extractor  
  117  7:22  Drone x4  
  119  7:23  Drone  
Show
View Real Time Build Order
Export as new Build Order

JonSnow Zerg 

Build Orders: Hatch First 

Get SALT Encoding   

  12  0:00  Drone  
  13  0:12  Overlord  
  13  0:17  Drone  
  14  0:30  Drone  
  14  0:31  Drone  
  16  0:49  Hatchery  
  15  0:51  Drone  
  16  1:06  Spawning Pool  
  16  1:09  Drone  
  16  1:13  Drone  
  16  1:16  Drone  
  18  1:20  Extractor  
  18  1:21  Drone  
  18  1:52  Zergling x4  
  18  1:53  Zergling x2  
  21  2:00  Queen  
  21  2:01  Zergling x2  
  24  2:02  Queen  
  26  2:12  Zergling x2  
  26  2:13  Zergling x2  
  28  2:20  Drone  
  24  2:28  Drone  
  25  2:30  Drone  
  25  2:33  Drone  
  27  2:41  Drone  
  28  2:46  Overlord  
  28  3:03  Overlord  
  28  3:06  Drone x3  
  28  3:10  Drone  
  28  3:12  Drone  
  33  3:13  Drone  
  33  3:15  Drone  
  35  3:30  Drone x4  
  39  3:37  Metabolic Boost  
  39  3:38  Drone  
  39  3:39  Drone  
  42  3:41  Drone  
  42  3:55  Hatchery  
  42  3:59  Overlord  
  42  4:00  Drone  
  42  4:02  Zergling x2  
  43  4:05  Drone  
  44  4:10  Evolution Chamber  
  44  4:14  Overlord  
  43  4:17  Drone  
  43  4:18  Queen  
  43  4:22  Drone x2  
  48  4:27  Drone x3  
  48  4:30  Drone  
  52  4:36  Zerg Missile Weapons Level 1  
  52  4:41  Drone x2  
  52  4:44  Extractor, Roach Warren  
  52  4:45  Extractor, Drone  
  52  4:48  Overlord  
  52  5:03  Overlord  
  51  5:12  Evolution Chamber, Spine Crawler  
  49  5:15  Evolution Chamber  
  42  5:24  Roach x10  
  42  5:28  Roach  
  64  5:29  Roach  
  64  5:30  Zergling x2  
  65  5:37  Roach  
  58  6:02  Hatchery  
  58  6:03  Queen  
  58  6:25  Drone  
  58  6:26  Drone x2  
  61  6:35  Hatchery  
  60  6:43  Drone  
  61  6:48  Drone  
  62  6:59  Drone  
  63  7:09  Roach  
  63  7:13  Roach x3  
Tags
 
Add a new tag
Caveats
  • Supply blocks, unpowered buildings, or Contaminate may cause inaccurate times.
  • Supply counts are checked every 10 seconds.